 Dungeon Sprint DCSS version 0.28.0-43-g3370ac3207 (webtiles) character file.

Game seed: 5581935646369976778

4515 boopmooplesden the Fencer (level 10, -6/107 HPs)
             Began as a Minotaur Berserker on Mar 10, 2022.
             Was a High Priest of Trog.
             Mangled by a sphinx (8 damage)
             ... while paralysed by a sphinx
             ... in the Dungeon (Sprint II: "The Violet Keep of Menkaure").
             The game lasted 00:04:19 (1717 turns).

boopmooplesden the Fencer (Minotaur Berserker)      Turns: 1717, Time: 00:04:20

Health: -6/107     AC: 20    Str: 25    XL:     10   Next: 16%
Magic:  9/9        EV:  2    Int:  4    God:    Trog [*****.]
Gold:   502        SH:  0    Dex: 11    Spells: 9/9 levels left

rFire   . . .      SeeInvis .   d - +3 great sword (drain)
rCold   . . .      Faith    .   (shield currently unavailable)
rNeg    . . .      Spirit   .   i - +7 chain mail
rPois   .          Reflect  .   (helmet restricted)
rElec   .          Harm     .   j - +1 cloak {Stlth+}
rCorr   .          Rampage  .   (no gloves)
Will    .....      NoTele   +   (no boots)
Stlth   ..........              (no amulet)
HPRegen 0.27/turn               (no ring)
MPRegen 0.11/turn               (no ring)

@: confused, paralysed, on berserk cooldown, slowed
A: horns 2, retaliatory headbutt
a: Renounce Religion, Berserk, Trog's Hand, Brothers in Arms


You were in the Dungeon.
You worshipped Trog.
Trog was extremely pleased with you.
You visited 1 branch You collected 1356 gold pieces.
You spent 854 gold pieces at shops.

Inventory:

Hand Weapons
 a - a +0 falchion
 d - a +3 great sword of draining (weapon)
 k - a +1 broad axe
Armour
 b - a +0 animal skin
 c - the +0 chain mail "Hamuykh" {Fly rN+++ rCorr Int-4}
   (You bought it in a shop in the Dungeon)

   Int:       It affects your intelligence (-4).
   rN:        It renders you almost immune to negative energy.
   Fly:       It grants you flight.
   rCorr:     It protects you from acid and corrosion.
 i - a +7 chain mail (worn)
 j - a +1 cloak of stealth (worn)
Scrolls
 h - a scroll of blinking
 m - a scroll of immolation
 o - a scroll of fear
 p - a scroll of identify
Potions
 e - a potion of haste
 f - 6 potions of magic
 g - a potion of berserk rage
 l - 6 potions of curing
 t - 2 potions of mutation
 u - 3 potions of resistance
 w - 3 potions of flight
 x - a potion of heal wounds


   Skills:
 + Level 15.7 Fighting
 + Level 19.4 Long Blades
 + Level 9.4 Armour
 + Level 10.7 Dodging
 + Level 0.1 Stealth


You had 9 spell levels left.
You didn't know any spells.
Your spell library was empty.

Dungeon Overview and Level Annotations

Branches:
Dungeon (1/1)

Altars:
Cheibriados
Dithmenos
Elyvilon
Fedhas
Gozag
Hepliaklqana
Kikubaaqudgha
Makhleb
Nemelex Xobeh
Okawaru
Qazlal
Ru
Sif Muna
Trog
Uskayaw
Vehumet
Wu Jian
Xom
Yredelemnul
Zin
The Shining One
Beogh
Jiyva
Lugonu

Shops:
D :!==([(:[?=!([[

Annotations:
D exclusions: ice statue and oklob plant


Innate Abilities, Weirdness & Mutations

You have a pair of horns on your head.
You reflexively headbutt those who attack you in melee.


Message History

The sphinx barely misses you. The sphinx completely misses you.
The sphinx hits you! The sphinx hits you. x3
The sphinx hits you but does no damage. The sphinx closely misses you.
The sphinx barely misses you. x2
The sphinx hits you but does no damage. The sphinx closely misses you. x2
The sphinx hits you!
* * * LOW HITPOINT WARNING * * *
The sphinx hits you but does no damage. x2
You bump into the stone wall.
The sphinx hits you!
* * * LOW HITPOINT WARNING * * *
The sphinx hits you but does no damage. The sphinx closely misses you.
The sphinx casts a spell.
You struggle to resist.
The sphinx hits you but does no damage. x3
You bump into the stone wall.
The sphinx mumbles some strange words.
You struggle to resist.
The sphinx casts a spell.
You are more confused.
The sphinx casts a spell.
You suddenly lose the ability to move!
The sphinx hits you but does no damage. x3
The sphinx hits you.
* * * LOW HITPOINT WARNING * * *
The sphinx hits you but does no damage. The sphinx barely misses you.
The sphinx hits you!
* * * LOW HITPOINT WARNING * * *
The sphinx hits you but does no damage. The sphinx hits you.
* * * LOW HITPOINT WARNING * * *
The sphinx casts a spell.
You are more confused.
The sphinx casts a spell.
You barely resist. The sphinx hits you but does no damage. The sphinx hits you.
* * * LOW HITPOINT WARNING * * *
The sphinx hits you but does no damage. x2; The sphinx hits you.
* * * LOW HITPOINT WARNING * * *
The sphinx hits you but does no damage.
The sphinx casts a spell.
You shrug off the repeated paralysis!
The sphinx hits you but does no damage. x3
The sphinx hits you!
You die...

..##▓▓▓▓▓▓▓'▓▓▓▓+▓
≈≈≈≈≈÷≈≈≈≈≈...≈≈≈▓
+########'###.≈≈≈▓
.._._._.#§§§##≈≈≈▓
._._._..#§§≈≈####▓▓▓▓▓
_._._._.#§§§§≈##..#$$▓
._._._._#≈§§§§≈#..#$.▓
.._._._.#≈§§§≈§§..'$$▓
..._._._#§≈§§≈§#@H#$.▓
...._._.#≈§§≈≈§▓H.#$$▓
..._._#§≈≈≈▓▓▓▓▓▓▓▓▓
#######≈≈≈≈▓
≈≈≈≈≈≈≈§§≈≈▓z
######≈▓▓▓▓▓ #▓


You could see 2 sphinxes.

Vanquished Creatures
  A kraken (D)
  2 deep trolls (D)
  A yaktaur (D)
  A hornet (D)
  3 polar bears (D)
  A blink frog (D)
  2 wyverns (D)
  5 water moccasins (D)
  4 necrophages (D)
  4 scorpions (D)
  3 worms (D)
  3 tentacles (D)
30 creatures vanquished.

Vanquished Creatures (others)
  Menkaure (D)
  14 tentacles (D)
15 creatures vanquished.

Grand Total: 45 creatures vanquished

Notes
Turn   | Place    | Note
-------+----------+-------------------------------------------
     0 | D        | boopmooplesden the Minotaur Berserker began the quest for
                  | the Orb.
     0 | D        | Reached XP level 1. HP: 19/19 MP: 0/0
     9 | D        | Reached skill level 4 in Long Blades
    15 | D        | Reached ** piety under Trog
    16 | D        | Reached XP level 2. HP: 16/28 MP: 1/1
   150 | D        | Noticed a necrophage
   150 | D        | Noticed a necrophage
   150 | D        | Noticed a necrophage
   150 | D        | Noticed a necrophage
   156 | D        | Killed a necrophage
   157 | D        | Reached skill level 7 in Long Blades
   157 | D        | Reached XP level 3. HP: 39/39 MP: 2/2
   157 | D        | Reached XP level 4. HP: 47/47 MP: 3/3
   158 | D        | Killed a necrophage
   159 | D        | Reached skill level 9 in Long Blades
   159 | D        | Reached XP level 5. HP: 56/56 MP: 4/4
   163 | D        | Killed a necrophage
   164 | D        | Reached skill level 10 in Long Blades
   164 | D        | Reached skill level 5 in Armour
   164 | D        | Reached skill level 5 in Dodging
   167 | D        | Killed a necrophage
   167 | D        | Reached *** piety under Trog
   167 | D        | Noticed Menkaure
   168 | D        | Reached skill level 10 in Fighting
   168 | D        | Reached skill level 11 in Long Blades
   168 | D        | Reached XP level 6. HP: 46/66 MP: 5/5
   191 | D        | Killed Menkaure
   199 | D        | Noticed a water moccasin
   211 | D        | Killed a water moccasin
   212 | D        | Reached skill level 12 in Long Blades
   459 | D        | Noticed a wyvern
   459 | D        | Noticed a wyvern
   464 | D        | Killed a wyvern
   465 | D        | Reached XP level 7. HP: 74/74 MP: 6/6
   468 | D        | Killed a wyvern
   469 | D        | Reached skill level 13 in Long Blades
   511 | D        | Reached **** piety under Trog
   518 | D        | Reached skill level 14 in Long Blades
   735 | D        | Noticed an ice statue
   748 | D        | Found Garued's Armour Emporium.
   748 | D        | Found Ejaubyeg's Magic Scroll Shoppe.
   748 | D        | Found Zeoliyqoak's Armour Emporium.
   748 | D        | Found Quwa's Book Shoppe.
   748 | D        | Found Faelykko's Distillery.
   748 | D        | Found Gaes Viv's Weapon Emporium.
   749 | D        | Found Tatoss's Antique Weapon Shoppe.
   749 | D        | Found Gaoth's Jewellery Emporium.
   749 | D        | Found Zeonk's Weapon Shoppe.
   749 | D        | Found Giggirph's Antique Armour Shoppe.
   749 | D        | Found Osyx's Jewellery Emporium.
   750 | D        | Found Qikhlubb's Jewellery Shoppe.
   750 | D        | Found Hehus's Antique Armour Emporium.
   750 | D        | Found Luser Qet's Distillery.
   750 | D        | Noticed a hell hog
   750 | D        | Noticed a hell hog
   760 | D        | Reached ***** piety under Trog
   761 | D        | Reached XP level 8. HP: 31/85 MP: 7/7
  1067 | D        | Noticed a blink frog
  1071 | D        | Killed a blink frog
  1072 | D        | Reached skill level 15 in Long Blades
  1080 | D        | Noticed an oklob plant
  1081 | D        | Found Lapuidd's Book Shoppe.
  1085 | D        | Noticed an ice dragon
  1086 | D        | Bought a crude chain mail for 256 gold pieces
  1086 | D        | Identified the +0 chain mail "Hamuykh" {Fly rN+++ rCorr
                  | Int-4} (You bought it in a shop in the Dungeon)
  1095 | D        | Bought a +2 great sword of draining for 284 gold pieces
  1099 | D        | Bought a shiny chain mail for 157 gold pieces
  1099 | D        | Bought a glowing cloak for 157 gold pieces
  1136 | D        | Found a hazy altar of Hepliaklqana.
  1136 | D        | Found a snail-covered altar of Cheibriados.
  1137 | D        | Found a stormy altar of Qazlal.
  1137 | D        | Found a viscous altar of Jiyva.
  1137 | D        | Found a shadowy altar of Dithmenos.
  1138 | D        | Found a sacrificial altar of Ru.
  1138 | D        | Found an ancient bone altar of Kikubaaqudgha.
  1138 | D        | Found a white marble altar of Elyvilon.
  1139 | D        | Found an ornate altar of the Wu Jian Council.
  1139 | D        | Found a shimmering blue altar of Sif Muna.
  1139 | D        | Found a corrupted altar of Lugonu.
  1139 | D        | Found a blossoming altar of Fedhas.
  1140 | D        | Found a shimmering altar of Xom.
  1140 | D        | Found a bloodstained altar of Trog.
  1140 | D        | Found a burning altar of Makhleb.
  1141 | D        | Found a glowing golden altar of the Shining One.
  1141 | D        | Found a basalt altar of Yredelemnul.
  1141 | D        | Found a hide-covered altar of Uskayaw.
  1142 | D        | Found a glowing silver altar of Zin.
  1142 | D        | Found a radiant altar of Vehumet.
  1142 | D        | Noticed a polar bear
  1142 | D        | Noticed a polar bear
  1143 | D        | Noticed a yaktaur
  1143 | D        | Noticed a hornet
  1143 | D        | Noticed a polar bear
  1148 | D        | Killed a polar bear
  1152 | D        | Killed a hornet
  1153 | D        | Reached skill level 16 in Long Blades
  1154 | D        | Killed a yaktaur
  1155 | D        | Killed a polar bear
  1156 | D        | Reached XP level 9. HP: 95/95 MP: 8/8
  1160 | D        | Killed a polar bear
  1160 | D        | Received a gift from Trog
  1161 | D        | Reached skill level 17 in Long Blades
  1172 | D        | Noticed a kraken
  1511 | D        | Killed a kraken
  1512 | D        | Reached skill level 15 in Fighting
  1512 | D        | Reached skill level 18 in Long Blades
  1512 | D        | Reached skill level 10 in Dodging
  1514 | D        | Found a sparkling altar of Nemelex Xobeh.
  1515 | D        | Found an iron altar of Okawaru.
  1515 | D        | Found an opulent altar of Gozag.
  1553 | D        | Noticed a deep troll
  1553 | D        | Noticed a deep troll
  1556 | D        | Killed a deep troll
  1557 | D        | Reached skill level 19 in Long Blades
  1557 | D        | Reached XP level 10. HP: 106/106 MP: 9/9
  1563 | D        | Killed a deep troll
  1685 | D        | Noticed a sphinx
  1685 | D        | Noticed a sphinx
  1685 | D        | Paralysed by a sphinx for 4 turns
  1703 | D        | Paralysed by a sphinx for 6 turns
  1712 | D        | Paralysed by a sphinx for 6 turns
  1715 | D        | HP: 4/107 [sphinx (6)]
  1717 | D        | Mangled by a sphinx

Illustrated notes

Levels and vault maps discovered:
D:        the_violet_keep_of_menkaure [sprint2_stairs_cluster_1,
          sprint2_shoproom, sprint2_temple, sprint2_basic_supplies,
          sprint2_obstacle_2, sprint2_obstacle_6, sprint2_obstacle_1,
          sprint2_obstacle_4, sprint2_obstacle_7, sprint2_timed_cluster_1,
          sprint2_smallroom_cluster_1, sprint2_smallroom_final_cluster_1,
          sprint2_transparent_cluster_1, sprint2_second_timed_cluster_1,
          sprint2_sniper_area_1, sprint2_heavy_combat_area_1,
          sprint2_mutation_trap_area_1, sprint2_forest_area_1,
          sprint2_light_combat_area_1, sprint2_behind_water_1,
          sprint2_near_end_vault_1]

Skill      XL: |  1  2  3  4  5  6  7  8  9 10 |
---------------+-------------------------------+-----
Fighting       | 4 7 8 10 11 12 14 15 | 15.7
Long Blades    | 4 7 9 11 12 14 16 19 | 19.4
Armour         | 4 5 6 7 8 9 |  9.4
Dodging        | 3 4 5 6 7 8 10 | 10.7
Stealth        | |  0.1

Action                   |  1- 3 |  4- 6 |  7- 9 | 10-12 || total
-------------------------+-------+-------+-------+-------++-------
Melee: Falchion          |    15 |    18 |    30 |       ||    63
       Headbutt          |     3 |     1 |    10 |     4 ||    18
       Punch             |       |       |     1 |       ||     1
       Great sword       |       |       |    34 |    15 ||    49
Invok: Berserk           |     1 |     1 |     3 |     1 ||     6
  Use: Potion            |       |       |     2 |       ||     2
       Scroll            |       |       |    12 |       ||    12
Armor: Animal skin       |       |     3 |     2 |       ||     5
       Chain mail        |       |       |    26 |    51 ||    77
Dodge: Dodged            |     6 |     6 |    46 |    21 ||    79
